 Dungeon Crawl Stone Soup version 0.29-a0-284-gf9362112df (webtiles) character file.

Game seed: 3713633234845165322

69906 Dabor the Basher (level 15, -14/99 HPs)
             Began as a Gargoyle Gladiator on Mar 14, 2022.
             Was the Champion of Makhleb.
             Demolished by an entropy weaver simulacrum (20 damage)
             ... in an ice cave.
             The game lasted 00:56:15 (23396 turns).

Dabor the Basher (Gargoyle Gladiator)              Turns: 23396, Time: 00:56:16

Health: -14/99     AC: 42    Str: 23    XL:     15   Next: 31%
Magic:  0/22       EV: 13    Int: 11    God:    Makhleb [******]
Gold:   695        SH: 12    Dex: 17    Spells: 12/14 levels left

rFire   x . .      SeeInvis +   H - +1 demon whip (vamp)
rCold   . . .      Faith    .   P - +2 kite shield
rNeg    + . .      Spirit   +   y - +6 scale mail of the Spheres {+Blink rF- Will+}
rPois   ∞          Reflect  .   m - +2 helmet {SInv}
rElec   +          Harm     .   A - +1 cloak
rCorr   .          Rampage  .   k - +0 pair of gloves
Will    ++...                   q - +2 pair of boots {Fly}
Stlth   ..........              E - amulet of guardian spirit
HPRegen 0.26/turn               f - +6 ring of dexterity
MPRegen 0.18/turn               J - +4 ring of protection

@: flying, studying 3 skills
A: sickness immunity, AC +11, big wings, negative energy resistance 1,
electricity resistance, torment resistance 1, petrification resistance
a: Renounce Religion, Evoke Blink, Minor Destruction, Lesser Servant of Makhleb,
Major Destruction, Greater Servant of Makhleb


You were in an ice cave.
You worshipped Makhleb.
Makhleb was exalted by your worship.
You visited 2 branches of the dungeon, and saw 16 of its levels.
You also visited: Gauntlet and Ice Cave.

You collected 1280 gold pieces.
You spent 585 gold pieces at shops.

Inventory:

Hand Weapons
 o - a +3 mace
 t - a +3 dire flail
 B - the +9 long sword "Ushu" {freeze, rElec rC+ Str+2}
   (You found it on level 7 of the Dungeon)

   It freezes those it strikes, dealing additional cold damage.
   It can also slow down cold-blooded creatures.
   Str:       It affects your strength (+2).
   rC:        It protects you from cold.
   rElec:     It insulates you from electricity.
 H - a +1 vampiric demon whip (weapon)
 M - a +2 demon whip of venom
Missiles
 i - 56 poisoned darts (quivered)
 G - 2 curare-tipped darts
 I - 11 javelins
 Q - a throwing net
 S - 9 boomerangs
Armour
 k - a +0 pair of gloves (worn)
 m - a +2 helmet of see invisible (worn)
 q - a +2 pair of boots of flying (worn)
 u - a scarf of invisibility
 y - the +6 scale mail of the Spheres (worn) {+Blink rF- Will+}
   (You bought it in a shop on level 6 of the Dungeon)

   rF:        It makes you vulnerable to fire.
   +Blink:    It lets you blink.
   Will:      It increases your willpower.
 A - a +1 cloak (worn)
 P - a +2 kite shield (worn)
Jewellery
 f - a +6 ring of dexterity (left hand)
 E - an amulet of guardian spirit (around neck)
 J - a +4 ring of protection (right hand)
Wands
 d - a wand of polymorph (10)
 r - a wand of digging (20)
 v - a wand of acid (3)
 w - a wand of iceblast (4)
 N - a wand of paralysis (7)
 U - a wand of flame (17)
Scrolls
 b - 5 scrolls of immolation
 e - 3 scrolls of silence
 g - 3 scrolls of magic mapping
 j - 2 scrolls of enchant armour
 z - 5 scrolls of teleportation
 C - 7 scrolls of blinking
 K - a scroll of amnesia
 L - 5 scrolls of identify
 O - 2 scrolls of enchant weapon
 T - 2 scrolls of vulnerability
Potions
 a - 2 potions of cancellation
 h - a potion of curing
 l - 3 potions of lignification
 n - 4 potions of flight
 p - 12 potions of ambrosia
 s - 2 potions of haste
 x - a potion of heal wounds
 D - a potion of magic
 F - 2 potions of resistance
 R - a potion of invisibility
Miscellaneous
 c - a condenser vane
 V - a phial of floods


   Skills:
 + Level 13.3 Fighting
 * Level 13.6 Maces & Flails
 - Level 5.0 Throwing
 + Level 13.0 Armour
 + Level 8.9 Dodging
 + Level 5.8 Shields
 + Level 10.1 Invocations
 - Level 5.0 Evocations


You had 12 spell levels left.
You knew the following spells:

 Your Spells              Type           Power      Damage    Failure   Level
a - Passwall              Tmut/Erth      0%         N/A       96%         2

Your spell library contained the following spells:

 Spells                   Type           Power      Damage    Failure   Level
 Sandblast                Erth           0%         2d4       89%         1
 Summon Small Mammal      Summ           0%         N/A       89%         1
 Ensorcelled Hibernation  Hex/Ice        0%         N/A       96%         2
 Call Canine Familiar     Summ           0%         N/A       99%         3
 Confusing Touch          Hex            0%         N/A       99%         3
 Dazzling Flash           Conj/Hex       0%         N/A       99%         3
 Ignite Poison            Fire/Tmut/Pois 0%         N/A       99%         3
 Mephitic Cloud           Conj/Pois/Air  0%         N/A       99%         3
 Stone Arrow              Conj/Erth      0%         3d7       99%         3
 Summon Guardian Golem    Hex/Summ       0%         N/A       99%         3
 Swiftness                Air            0%         N/A       99%         3
 Iskenderun's Mystic Bla  Conj/Tloc      0%         2d3       100%        4
 Petrify                  Tmut/Erth      0%         N/A       100%        4
 Freezing Cloud           Conj/Ice/Air   0%         6-21      100%        5
 Irradiate                Conj/Tmut      0%         3d13      100%        5
 Yara's Violent Unravell  Hex/Tmut       0%         3d3       100%        5
 Starburst                Conj/Fire      0%         6d3       100%        6
 Enfeeble                 Hex            0%         N/A       100%        7
 Sublimation of Blood     Necr           Unusable   N/A       N/A         2

Dungeon Overview and Level Annotations

Branches:
Dungeon (15/15)            Temple (0/1) D:6            Lair (0/6) D:10
    Orc (1/2) D:11         Vaults (0/5) D:14         Depths (0/4) D:15
  IceCv (1/1)             Gauntlet (visited)

Altars:
Dithmenos
Elyvilon
Gozag
Hepliaklqana
Makhleb
Nemelex Xobeh
Qazlal
Uskayaw
Vehumet
Xom
Yredelemnul
Zin
The Shining One
Beogh

Shops:
D:1 [   D:5 [[(=   D:6 [   D:12 (   D:15 [

Portals:
Trove: D:11 (give 7 scrolls of fog)


Innate Abilities, Weirdness & Mutations

You are immune to sickness and miasma.
Your stone body is resilient. (AC +11)
You are immune to poison.
Your large and strong wings let you fly.
You resist negative energy. (rN+)
You are resistant to electric shocks. (rElec)
You are resistant to unholy torment.
You are immune to petrification.


Message History

The entropy weaver simulacrum is heavily damaged.
You block the entropy weaver simulacrum's attack. x2
The entropy weaver simulacrum hits you but does no damage. x2
You whack the entropy weaver simulacrum!
The entropy weaver simulacrum is almost destroyed.
You hit the entropy weaver simulacrum.
The entropy weaver simulacrum is almost destroyed.
The entropy weaver simulacrum hits you but does no damage. x2
You block the entropy weaver simulacrum's attack.
The entropy weaver simulacrum hits you but does no damage.
You closely miss the entropy weaver simulacrum.
The entropy weaver simulacrum is almost destroyed.
The entropy weaver simulacrum hits you.
* * * LOW HITPOINT WARNING * * *
The entropy weaver simulacrum freezes you!!
* * * LOW HITPOINT WARNING * * *
You block the entropy weaver simulacrum's attack. x3
You hit the entropy weaver simulacrum but do no damage.
The entropy weaver simulacrum is almost destroyed.
You feel much better.
The entropy weaver simulacrum barely misses you.
The entropy weaver simulacrum closely misses you.
You block the entropy weaver simulacrum's attack.
The entropy weaver simulacrum hits you but does no damage.
You hit the entropy weaver simulacrum.
The entropy weaver simulacrum is almost destroyed.
The entropy weaver simulacrum hits you but does no damage.
The entropy weaver simulacrum hits you.
The entropy weaver simulacrum freezes you!!
* * * LOW HITPOINT WARNING * * *
You block the entropy weaver simulacrum's attack.
The entropy weaver simulacrum hits you but does no damage.
You closely miss the entropy weaver simulacrum.
The entropy weaver simulacrum is almost destroyed.
The entropy weaver simulacrum barely misses you.
The entropy weaver simulacrum hits you but does no damage. x2
The entropy weaver simulacrum hits you.
* * * LOW HITPOINT WARNING * * *
The entropy weaver simulacrum freezes you!!
You die...

#.#.'.......'.#.#
#.###.8...8.###.#
#.#.'.......'.#.#
#.###.8...8.###.#
#.'...........'.#
#.###.8...8.###.#
#.#.'.......'.#.#
#.###.8...8.###.#
#.#.'......@Z.#.#
#'######+######'#
#...............#
####8.#####.8####
##.#[.)#.##
#.#.⌠.#.#
#.#..[#.#
#.##)##.#
#.......#


You could see an entropy weaver simulacrum.

Vanquished Creatures
  Gastronok (D:9)
  A stone giant (D:15)
  Nessos (D:13)
  A minotaur (Gauntlet)
  The ghost of Xajetykh the Summoner, a journeyman OpSu of Jiyva (D:14)
  5 hydras
  2 vault guards (D:14)
  Erolcha (D:9)
  2 boulder beetles
  3 ogre magi (D:15)
  A rakshasa (D:15)
  14 two-headed ogres
  3 death yaks (Gauntlet)
  Urug (D:10)
  A deep troll earth mage (D:14)
  3 death knights
  3 tengu warriors (D:15)
  Amaemon (D:10)
  6 skeletal warriors
  2 phantasmal warriors
  A bog body (IceCv)
  3 necromancers
  2 wizards (D:14)
  A deep elf pyromancer (D:14)
  13 ugly things
  4 cyclopes
  A torpor snail (Gauntlet)
  A gargoyle (D:10)
  An orange demon (D:10)
  2 ice statues (IceCv)
  Maggie (D:7)
  2 rime drakes (Orc:1)
  An unseen horror (D:11)
  Psyche (D:9)
  A komodo dragon (D:10)
  2 anaconda simulacra (IceCv)
  A tengu conjurer (D:15)
  7 yaktaurs
  5 ice devils (IceCv)
  A freezing wraith (D:15)
  2 entropy weaver simulacra (IceCv)
  6 trolls
  A queen bee (D:9)
  2 hornets
  2 shadows
  A centaur simulacrum (D:14)
  6 flying skulls (Gauntlet)
  3 dire elephant simulacra (IceCv)
  22 yaks
  4 wraiths
  A basilisk (D:12)
  25 humans
  A wyvern (D:8)
  A basilisk (shapeshifter) (D:15)
  Grum (D:10)
  8 vampire mosquitoes
  Menkaure (D:7)
  A death yak simulacrum (IceCv)
  2 wargs (D:11)
  A harpy simulacrum (IceCv)
  An acid dragon (D:12)
  A floating eye (shapeshifter) (D:15)
  4 water moccasins
  11 orc warriors
  3 black bears
  4 sky beasts
  8 ogres
  3 ice beasts
  A centaur (D:9)
  2 wolves (D:10)
  4 kobold brigands
  6 bullfrogs
  A two-headed ogre simulacrum (IceCv)
  2 cane toad simulacra (IceCv)
  5 scorpions
  12 wights
  31 killer bees
  4 howler monkeys
  7 hounds
  2 jellies (D:4)
  8 orc priests
  Jessica (D:9)
  Ijyb (D:5)
  3 iguanas
  12 orc wizards
  A wolf simulacrum (IceCv)
  7 adders
  2 shadow imps
  5 white imps
  An ufetubus (IceCv)
  A worm (D:2)
  3 dart slugs
  65 orcs
  9 ball pythons
  7 endoplasms
  4 giant cockroaches
  9 hobgoblins
  A jackal (D:9)
  4 quokkas
  5 bats
  7 frilled lizards
  7 goblins
  2 goblin skeletons (D:6)
  2 goblin zombies (D:6)
  2 hobgoblin zombies (D:6)
  21 kobolds
  A kobold skeleton (D:6)
  A kobold zombie (D:6)
  An orc skeleton (D:6)
  7 rats
507 creatures vanquished.

Vanquished Creatures (collateral kills)
  A slime creature (D:9)
  An orc warrior (D:9)
  A killer bee (D:9)
3 creatures vanquished.

Vanquished Creatures (others)
  A wizard (D:14)
  16 fungi
  14 plants
  4 toadstools (D:1)
35 creatures vanquished.

Grand Total: 545 creatures vanquished

Notes
Turn   | Place    | Note
-------+----------+-------------------------------------------
     0 | D:1      | Dabor the Gargoyle Gladiator began the quest for the Orb.
     0 | D:1      | Reached XP level 1. HP: 12/12 MP: 1/1
    58 | D:1      | Reached XP level 2. HP: 18/18 MP: 2/2
   246 | D:1      | Reached skill level 1 in Armour
   514 | D:1      | Reached XP level 3. HP: 22/22 MP: 3/3
   733 | D:1      | Found Kyheram's Antique Armour Shop.
  1759 | D:2      | Found a hazy altar of Hepliaklqana.
  1991 | D:2      | Reached XP level 4. HP: 25/27 MP: 4/4
  2648 | D:3      | Found a faded altar of an unknown god.
  2811 | D:3      | Noticed an ice beast
  2859 | D:3      | Killed an ice beast
  2860 | D:3      | Reached XP level 5. HP: 7/32 MP: 5/5
  3771 | D:4      | Reached XP level 6. HP: 38/38 MP: 6/6
  4495 | D:4      | Found a shimmering altar of Xom.
  4495 | D:4      | Found a glowing silver altar of Zin.
  4503 | D:4      | Found a burning altar of Makhleb.
  4505 | D:4      | Found a stormy altar of Qazlal.
  4507 | D:4      | Found a faded altar of an unknown god.
  4521 | D:4      | Became a worshipper of Makhleb the Destroyer
  5249 | D:1      | Bought a pair of embroidered boots for 195 gold pieces
  5370 | D:5      | Entered Level 5 of the Dungeon
  5370 | D:5      | Noticed an ice beast
  5399 | D:5      | Killed an ice beast
  5400 | D:5      | Reached XP level 7. HP: 30/44 MP: 7/7
  5536 | D:5      | Found Jamotz's Jewellery Boutique.
  5568 | D:5      | Found Hata's Weapon Emporium.
  5656 | D:5      | Found Heysan's Armour Shoppe.
  5699 | D:5      | Reached skill level 5 in Maces & Flails
  6151 | D:5      | Noticed Ijyb
  6166 | D:5      | Reached skill level 5 in Fighting
  6271 | D:5      | Killed Ijyb
  6400 | D:5      | Reached XP level 8. HP: 48/49 MP: 8/8
  6618 | D:5      | Reached skill level 5 in Armour
  6618 | D:5      | Reached skill level 1 in Evocations
  6796 | D:5      | Found Sinloeggi's Antique Armour Emporium.
  7358 | D:6      | Reached * piety under Makhleb
  7376 | D:6      | Found a glowing golden altar of the Shining One.
  7429 | D:6      | Reached XP level 9. HP: 38/55 MP: 9/9
  7660 | D:6      | Found Huwiner's Antique Armour Emporium.
  7759 | D:6      | Found a staircase to the Ecumenical Temple.
  8178 | D:6      | Bought a brightly glowing scale mail for 180 gold pieces
  8178 | D:6      | Identified the +6 scale mail of the Spheres {+Blink rF-
                  | Will+} (You bought it in a shop on level 6 of the Dungeon)
  8202 | D:7      | Noticed Menkaure
  8213 | D:7      | Killed Menkaure
  8523 | D:7      | Noticed Maggie
  8545 | D:7      | Killed Maggie
  8546 | D:7      | Reached skill level 1 in Invocations
  9063 | D:7      | Reached ** piety under Makhleb
  9325 | D:7      | Identified the +9 long sword "Ushu" {freeze, rElec rC+
                  | Str+2}
  9870 | D:8      | Reached XP level 10. HP: 55/63 MP: 11/11
 10087 | D:8      | Reached *** piety under Makhleb
 10224 | D:8      | Identified the +0 ring mail "Loocves" {Int+7 Dex+3}
 10626 | D:9      | Noticed a two-headed ogre
 10729 | D:9      | Killed a two-headed ogre
 10847 | D:9      | Noticed Jessica
 10860 | D:9      | Reached skill level 5 in Throwing
 10887 | D:9      | Reached skill level 5 in Dodging
 10917 | D:9      | Killed Jessica
 10924 | D:9      | Reached XP level 11. HP: 69/69 MP: 13/13
 11085 | D:9      | Noticed Gastronok
 11116 | D:9      | HP: 2/69 [Gastronok (18)]
 11123 | D:9      | Killed Gastronok
 11123 | D:9      | Reached **** piety under Makhleb
 11359 | D:9      | Found a runed translucent door.
 11362 | D:9      | Noticed a cyclops
 11363 | D:9      | Noticed Psyche
 11374 | D:9      | Killed Psyche
 11875 | D:8      | Killed a cyclops
 12657 | D:9      | Noticed Erolcha
 12841 | D:9      | Killed Erolcha
 12889 | D:9      | Found a hide-covered altar of Uskayaw.
 13249 | D:10     | Entered Level 10 of the Dungeon
 13284 | D:10     | Noticed Grum
 13307 | D:10     | Killed Grum
 13308 | D:10     | Reached skill level 10 in Fighting
 13362 | D:10     | Reached skill level 5 in Invocations
 13521 | D:10     | Found a sparkling altar of Nemelex Xobeh.
 13522 | D:10     | Found an opulent altar of Gozag.
 13544 | D:10     | Noticed a two-headed ogre
 13552 | D:10     | Killed a two-headed ogre
 13553 | D:10     | Reached skill level 5 in Evocations
 13553 | D:10     | Reached XP level 12. HP: 77/77 MP: 15/15
 13599 | D:10     | Noticed Urug
 13623 | D:10     | Killed Urug
 13624 | D:10     | Reached skill level 10 in Armour
 13794 | D:10     | Reached ***** piety under Makhleb
 13967 | D:5      | Bought a shiny helmet for 210 gold pieces
 14274 | D:10     | Found a staircase to the Lair.
 14386 | D:10     | Found a basalt altar of Yredelemnul.
 14389 | D:10     | Found a white marble altar of Elyvilon.
 14394 | D:10     | Found a shadowy altar of Dithmenos.
 14423 | D:10     | Noticed Amaemon
 14490 | D:10     | Killed Amaemon
 14491 | D:10     | Reached skill level 10 in Maces & Flails
 14745 | D:11     | Noticed a two-headed ogre
 14755 | D:11     | Killed a two-headed ogre
 15079 | D:11     | Found a portal to a secret trove of treasure.
 15143 | D:11     | Found a staircase to the Orcish Mines.
 15384 | D:11     | Noticed a boulder beetle
 15443 | D:11     | Killed a boulder beetle
 16043 | D:12     | Found a gate leading to a gauntlet.
 16064 | Gauntlet | Entered a Gauntlet
 16064 | Gauntlet | Found a transporter.
 16064 | Gauntlet | Found a transporter.
 16064 | Gauntlet | Found a runed translucent door.
 16064 | Gauntlet | Found a runed translucent door.
 16066 | Gauntlet | Found a transporter.
 16066 | Gauntlet | Found a transporter.
 16070 | Gauntlet | Found a transporter.
 16070 | Gauntlet | Found a transporter.
 16201 | Gauntlet | Found a transporter.
 16201 | Gauntlet | Found a transporter.
 16205 | Gauntlet | Found a transporter.
 16205 | Gauntlet | Found a transporter.
 16207 | Gauntlet | Noticed a death yak
 16208 | Gauntlet | Noticed a death yak
 16237 | Gauntlet | Noticed a death yak
 16237 | Gauntlet | Noticed a death yak
 16241 | Gauntlet | Noticed a death yak
 16243 | Gauntlet | Noticed a death yak
 16246 | Gauntlet | Noticed a death yak
 16294 | Gauntlet | Found a transporter.
 16295 | Gauntlet | Found a transporter.
 16355 | Gauntlet | Killed a death yak
 16372 | Gauntlet | Killed a death yak
 16373 | Gauntlet | Reached XP level 13. HP: 84/84 MP: 9/18
 16472 | Gauntlet | Noticed a minotaur
 16494 | Gauntlet | Killed a minotaur
 17341 | D:12     | Found a radiant altar of Vehumet.
 17365 | D:12     | Learned a level 2 spell: Passwall
 17476 | D:12     | Found Villiphyda's Antique Weapon Boutique.
 17742 | D:13     | Noticed Nessos
 17777 | D:13     | Killed Nessos
 18628 | D:13     | Reached skill level 1 in Shields
 19049 | D:14     | Found a runed translucent gate.
 19050 | D:14     | Found a runed translucent gate.
 19051 | D:14     | Found a runed translucent gate.
 19051 | D:14     | Noticed Xajetykh's ghost (journeyman OpSu)
 19118 | D:14     | Killed Xajetykh's ghost
 19302 | D:14     | Gained mutation: Your large and strong wings let you fly.
                  | [Gargoyle growth]
 19302 | D:14     | Reached XP level 14. HP: 92/92 MP: 20/20
 19586 | D:14     | Reached ****** piety under Makhleb
 20388 | D:14     | Found a gate to the Vaults.
 20693 | D:15     | Entered Level 15 of the Dungeon
 20759 | D:15     | Found Zulewie's Armour Shop.
 21264 | D:15     | Found a staircase to the Depths.
 21264 | D:15     | Noticed a stone giant
 21292 | D:15     | Killed a stone giant
 21336 | D:15     | Found a shadowy altar of Dithmenos.
 21431 | D:15     | Reached skill level 5 in Shields
 21447 | D:15     | Reached XP level 15. HP: 74/98 MP: 16/22
 21715 | D:15     | Identified the +9 rapier of Capital Punishment {vorpal,
                  | MP+9}
 22057 | Orc:1    | Entered Level 1 of the Orcish Mines
 22182 | Orc:1    | Found a frozen archway.
 22188 | Orc:1    | Reached skill level 10 in Invocations
 22201 | IceCv    | Entered an ice cave
 23396 | IceCv    | Demolished by an entropy weaver simulacrum

Illustrated notes

Levels and vault maps discovered:
D:1:      dpeg_arrival_windows_large_door, layout_rooms, serial_shops, shop,
          serial_forest, infiniplex_forest_end_1, infiniplex_forest_clump_long,
          infiniplex_forest_lined_corner, infiniplex_forest_lined_3,
          infiniplex_forest_clump_small, infiniplex_forest_lined_2,
          infiniplex_forest_clump_curved, infiniplex_forest_end_2,
          infiniplex_forest_fountain, infiniplex_forest_lined_2,
          minmay_gold_behind_fungi, dreamdust_princess_corridor,
          interstate_on_off, hangedman_feature_mirror
D:2:      layout_loops_cross, basic_altar
D:3:      minmay_recursive_quarters, layout_basic,
          ebering_ecumenical_altar_ruins
D:4:      layout_basic, chequers_temple_overflow_minitemple
D:5:      layout_cave_pods, serial_shops, nicolae_square_shop, shop,
          nicolae_shop_waterfront, kennysheep_mini,
          ebering_dispersal_statue_hall, kennysheep_generic_room_16, uniq_ijyb
D:6:      layout_gridville, nicolae_tso_besieged_by_evil,
          minmay_temple_entry_hall, serial_shops, nicolae_shop_hallway_stairs
D:7:      layout_basic, hex_medium, minmay_misc_feat_more_columns, uniq_maggie,
          uniq_menkaure
D:8:      layout_loops_cross, special_room [special_room_orc]
D:9:      erik_cavepeople, layout_basic, kennysheep_mini_moat, special_room
          [special_room_bee], minmay_st_funbox, uniq_psyche, uniq_gastronok,
          uniq_erolcha
D:10:     layout_irregular_city, nicolae_overflow_hidden_temple,
          grunt_lair_entry_orc_guard_hut, uniq_grum, uniq_amaemon, uniq_urug
D:11:     layout_basic, david_orc_1_choice, nicolae_trove_entry_crossroad
D:12:     layout_basic, serial_shops, nicolae_shop_statue_plus,
          gauntlet_entry_generic, nicolae_vehumet_altar_sigil
D:13:     layout_loops_ring, grunt_ogre_cave, uniq_nessos
D:14:     layout_loops_ring, grunt_vaults_entry_tiered, gammafunk_ghost_split,
          chequers_serial_rivers_large_b, minivault_11
D:15:     grunt_enter_depths_giant_problem, layout_basic,
          grunt_dithmenos_shadows, serial_shops, nicolae_shop_waterfront
Orc:1:    layout_diamond_mine, basic_altar, portal_ice_cave_rime,
          nicolae_orc_rich_vein
IceCv:    ice_cave_tombish

Skill      XL: |  1  2  3  4  5  6  7  8  9 10 11 12 13 14 15 |
---------------+----------------------------------------------+-----
Armour         | 1 2 3 4 5 7 8 9 11 12 13 | 13.0
Throwing       | 2 3 4 5 |  5.0
Fighting       | 3 4 5 6 7 8 10 11 12 13 | 13.3
Maces & Flails | 4 5 6 7 8 9 10 11 13 | 13.6
Dodging        | 3 4 5 6 7 8 |  8.9
Evocations     | 1 2 3 5 |  5.0
Invocations    | 2 3 5 6 8 9 10 | 10.1
Shields        | 2 5 |  5.8

Action                   |  1- 3 |  4- 6 |  7- 9 | 10-12 | 13-15 || total
-------------------------+-------+-------+-------+-------+-------++-------
Melee: Flail             |   148 |   221 |   390 |       |       ||   759
       Punch             |     2 |     4 |     2 |    11 |     7 ||    26
       Unarmed           |       |       |    31 |       |       ||    31
       Long sword        |       |       |    29 |   302 |       ||   331
       Demon whip        |       |       |       |   698 |  1589 ||  2287
Throw: Stone             |     7 |       |       |       |       ||     7
       Dart              |       |    18 |    13 |    10 |     4 ||    45
       Throwing net      |       |     3 |     1 |       |       ||     4
       Javelin           |       |     1 |     1 |    12 |       ||    14
Invok: Minor Destruction |       |       |       |     3 |       ||     3
       Lesser Servant of |       |       |       |     1 |       ||     1
Evoke: Wand              |       |       |     9 |     9 |       ||    18
  Use: Potion            |       |     4 |     1 |    12 |     3 ||    20
       Scroll            |       |     3 |     1 |     7 |     5 ||    16
 Stab: Held in net/web   |       |     1 |     1 |       |       ||     2
       Paralysed         |       |       |    24 |     4 |       ||    28
Armor: Leather armour    |    55 |    66 |       |       |       ||   121
       Ring mail         |       |    51 |   231 |       |       ||   282
       Scale mail        |       |       |   101 |   599 |   657 ||  1357
Dodge: Dodged            |   104 |   157 |   220 |   571 |   519 ||  1571
Block: Kite shield       |       |       |       |       |   544 ||   544

Table legend: (Time is in decaauts)
 A = Elapsed time spent in this place.
 B = Non-inter-level travel time spent in this place.
 C = Inter-level travel time spent in this place.
 D = Time resting spent in this place.
 E = Time spent auto-exploring this place.
 F = Levels seen in this place.
 G = Mean time per level.
                   A        B        C        D        E       F      G
               +--------+--------+--------+--------+--------+-----+--------+
         Total |  22724 |  21471 |   1253 |   2046 |  14000 |  18 | 1262.4 |
       Dungeon |  20992 |  19739 |   1253 |   1809 |  13205 |  15 | 1399.5 |
  Orcish Mines |    114 |    114 |      0 |      0 |      0 |   1 |  114.0 |
      Ice Cave |   1106 |   1106 |      0 |    214 |    612 |   1 | 1106.0 |
      Gauntlet |    511 |    511 |      0 |     23 |    183 |   1 |  511.0 |
               +--------+--------+--------+--------+--------+-----+--------+

Top non-repeatable levels by time:
     D:8: 1855 daAuts
     D:5: 1841 daAuts
     D:9: 1714 daAuts
     D:7: 1654 daAuts
     D:4: 1642 daAuts
    D:14: 1628 daAuts
     D:1: 1535 daAuts
    D:11: 1459 daAuts
     D:3: 1365 daAuts
    D:13: 1209 daAuts
     D:6: 1137 daAuts
   IceCv: 1106 daAuts
    D:15: 1094 daAuts
    D:12: 990 daAuts
    D:10: 980 daAuts
